TOP OF THE 1ST |
Providence Pilgrims batting - Pitching for Biloxi Shuckers : RHP Francisco Borges
|
Pitching: RHP Francisco Borges
|
|
Batting: LHB César Valtez
|
0-0: Foul Ball, location: 2F 0-1: Ball 1-1: Ball 2-1: Ground out U3 (Groundball, 3L, EV 88.1 MPH)
|
Batting: RHB Carlos González
|
0-0: Foul Ball, location: 2F 0-1: Ball 1-1: Ball 2-1: Ball 3-1: Foul Ball, location: 2F 3-2: SINGLE (Groundball, 34D, EV 107.5 MPH)
|
Batting: RHB Chris Hall
|
0-0: Called Strike 0-1: Ball 1-1: Called Strike Carlos González steals 2nd base 1-2: Ground out 5-3 (Groundball, 56S, EV 88.8 MPH)
|
Batting: RHB Keith Lynn
|
0-0: Fly out, F7 (Flyball, 7LS, EV 83.1 MPH)
|
Top of the 1st over - 0 runs, 1 hit, 0 errors, 1 left on base; Providence 0 - Biloxi 0 |
BOTTOM OF THE 1ST |
Biloxi Shuckers batting - Pitching for Providence Pilgrims : LHP Bill Aylwin
|
Pitching: LHP Bill Aylwin
|
|
Batting: RHB Joselito Amengual
|
0-0: Ball 1-0: Called Strike 1-1: Swinging Strike 1-2: Strikes out swinging
|
Batting: RHB Ricardo Ojíto
|
0-0: Swinging Strike 0-1: Ball 1-1: Fly out, F8 (Line Drive, 8RD, EV 97.5 MPH)
|
Batting: RHB Guan-xiu Long
|
0-0: Called Strike 0-1: Ball 1-1: DOUBLE (Flyball, 78D, EV 96.2 MPH)
|
Batting: RHB Tyler Namaes
|
0-0: SINGLE (Flyball, 7LM, EV 102.5 MPH) Guan-xiu Long to third Runner from 3rd tries for Home, SAFE, throw by LF to home
|
Batting: RHB Randy Moore
|
0-0: SINGLE (Line Drive, 78M, EV 103.8 MPH) Tyler Namaes to second
|
Batting: RHB Raúl Yánez
|
0-0: DOUBLE (Line Drive, 7LD, EV 106.2 MPH) Tyler Namaes scores Randy Moore to third Runner from 3rd tries for Home, SAFE, throw by LF to home
|
Batting: RHB Rickard Busald
|
0-0: Ball 1-0: Foul Ball, location: 2F 1-1: Ball 2-1: Foul Ball, location: 2F 2-2: Ball 3-2: Foul Ball, location: 2F 3-2: Foul Ball, location: 2F 3-2: Fly out, F5 (Line Drive, 5, EV 69.4 MPH)
|
Bottom of the 1st over - 3 runs, 4 hits, 0 errors, 1 left on base; Providence 0 - Biloxi 3 |
TOP OF THE 2ND |
Providence Pilgrims batting - Pitching for Biloxi Shuckers : RHP Francisco Borges
|
Batting: RHB Barend Huijbregts
|
0-0: Ball 1-0: Ball 2-0: Called Strike 2-1: Called Strike 2-2: Ball 3-2: Foul Ball, location: 2F 3-2: Strikes out swinging
|
Batting: LHB David Davis
|
0-0: Called Strike 0-1: Ball 1-1: Called Strike 1-2: Strikes out swinging
|
Batting: RHB Allen Kelley
|
0-0: SINGLE (Groundball, 56D, EV 102.5 MPH)
|
Batting: RHB Julián Vélez
|
0-0: Called Strike 0-1: Foul Ball, location: 2F 0-2: Ball 1-2: Strikes out swinging
|
Top of the 2nd over - 0 runs, 1 hit, 0 errors, 1 left on base; Providence 0 - Biloxi 3 |
BOTTOM OF THE 2ND |
Biloxi Shuckers batting - Pitching for Providence Pilgrims : LHP Bill Aylwin
|
Batting: RHB Emílio Vivas
|
0-0: Ground out 2-3 (Groundball, 2R, EV 68.8 MPH)
|
Batting: RHB Pablo Morterero
|
0-0: Ball 1-0: Swinging Strike 1-1: Ball 2-1: Foul Ball, location: 2F 2-2: Ground out 6-3 (Groundball, 6, EV 90.0 MPH)
|
Batting: RHB Joselito Amengual
|
0-0: Ball 1-0: Ball 2-0: Ground out 5-3 (Groundball, 56, EV 81.9 MPH)
|
Bottom of the 2nd over - 0 runs, 0 hits, 0 errors, 0 left on base; Providence 0 - Biloxi 3 |
TOP OF THE 3RD |
Providence Pilgrims batting - Pitching for Biloxi Shuckers : RHP Francisco Borges
|
Batting: RHB Jesse McCoy
|
0-0: Ball 1-0: Ball 2-0: Ball 3-0: Base on Balls
|
Batting: LHB César Valtez
|
0-0: Called Strike 0-1: Foul Ball, location: 2F 0-2: Grounds out, U3 (Groundball, 3L, EV 107.5 MPH)
|
Batting: RHB Carlos González
|
0-0: Ball 1-0: Ball 2-0: Ball 3-0: Base on Balls
|
Batting: RHB Chris Hall
|
0-0: Ball 1-0: Called Strike 1-1: Ball 2-1: Ball 3-1: Base on Balls Jesse McCoy to third Carlos González to second
|
Batting: RHB Keith Lynn
|
0-0: Ball 1-0: Ball 2-0: Called Strike 2-1: Ball 3-1: Base on Balls Jesse McCoy scores Carlos González to third Chris Hall to second
|
Batting: RHB Barend Huijbregts
|
0-0: Called Strike 0-1: Foul Ball, location: 2F 0-2: SINGLE (Groundball, 34D, EV 98.1 MPH) Carlos González scores Chris Hall to third Keith Lynn to second
|
Batting: LHB David Davis
|
0-0: Ball 1-0: Swinging Strike 1-1: Ball 2-1: Ball 3-1: Swinging Strike 3-2: Foul Ball, location: 2F 3-2: Strikes out swinging
|
Batting: RHB Allen Kelley
|
0-0: Ball 1-0: Foul Ball, location: 2F 1-1: Ball 2-1: Foul Ball, location: 2F 2-2: Foul Ball, location: 2F 2-2: Strikes out swinging
|
Top of the 3rd over - 2 runs, 1 hit, 0 errors, 3 left on base; Providence 2 - Biloxi 3 |
BOTTOM OF THE 3RD |
Biloxi Shuckers batting - Pitching for Providence Pilgrims : LHP Bill Aylwin
|
Batting: RHB Ricardo Ojíto
|
0-0: Fly out, F9 (Flyball, 9LS, EV 88.8 MPH)
|
Batting: RHB Guan-xiu Long
|
0-0: Called Strike 0-1: Called Strike 0-2: Foul Ball, location: 2F 0-2: Fly out, F8 (Line Drive, 8LD, EV 91.2 MPH)
|
Batting: RHB Tyler Namaes
|
0-0: Ball 1-0: Ball 2-0: Foul Ball, location: 2F 2-1: DOUBLE (Flyball, 78D, EV 88.8 MPH)
|
Batting: RHB Randy Moore
|
0-0: Called Strike 0-1: Fly out, F8 (Flyball, 8LD, EV 101.2 MPH)
|
Bottom of the 3rd over - 0 runs, 1 hit, 0 errors, 1 left on base; Providence 2 - Biloxi 3 |
TOP OF THE 4TH |
Providence Pilgrims batting - Pitching for Biloxi Shuckers : RHP Francisco Borges
|
Batting: RHB Julián Vélez
|
0-0: Called Strike 0-1: Ground out 1-3 (Groundball, 13, EV 93.8 MPH)
|
Batting: RHB Jesse McCoy
|
0-0: Ball 1-0: Ball 2-0: Ball 3-0: Called Strike 3-1: SINGLE (Flyball, 7LS, EV 94.4 MPH)
|
Batting: LHB César Valtez
|
0-0: Called Strike 0-1: Ball 1-1: Foul Ball, location: 2F 1-2: SINGLE (Groundball, 34, EV 85.6 MPH) (infield hit) Jesse McCoy to second
|
Batting: RHB Carlos González
|
0-0: Swinging Strike 0-1: Called Strike 0-2: Foul Ball, location: 2F 0-2: Strikes out swinging
|
Batting: RHB Chris Hall
|
0-0: SINGLE (Line Drive, 78M, EV 108.8 MPH) Jesse McCoy to third César Valtez to second
|
Batting: RHB Keith Lynn
|
0-0: Swinging Strike 0-1: Ball 1-1: Ball 2-1: Ball 3-1: Foul Ball, location: 2F 3-2: SINGLE (Groundball, 4M, EV 106.9 MPH) (infield hit) Jesse McCoy scores César Valtez to third Chris Hall to second
|
Batting: RHB Barend Huijbregts
|
0-0: Ball 1-0: Ball 2-0: Called Strike 2-1: Swinging Strike 2-2: Strikes out swinging
|
Top of the 4th over - 1 run, 4 hits, 0 errors, 3 left on base; Providence 3 - Biloxi 3 |
BOTTOM OF THE 4TH |
Biloxi Shuckers batting - Pitching for Providence Pilgrims : LHP Bill Aylwin
|
Batting: RHB Raúl Yánez
|
0-0: Fly out, F7 (Flyball, 7D, EV 95.6 MPH)
|
Batting: RHB Rickard Busald
|
0-0: Ball 1-0: Foul Ball, location: 2F 1-1: Ball 2-1: Ball 3-1: SINGLE (Groundball, 4D, EV 97.5 MPH)
|
Batting: RHB Emílio Vivas
|
0-0: Ball 1-0: Called Strike 1-1: DOUBLE (Flyball, 8RD, EV 102.5 MPH) Rickard Busald to third
|
Batting: RHB Pablo Morterero
|
0-0: Called Strike 0-1: Foul Ball, location: 2F 0-2: Ground out 6-3 (Groundball, 56, EV 84.4 MPH) Rickard Busald scores
|
Batting: RHB Joselito Amengual
|
0-0: Ball 1-0: Swinging Strike 1-1: Foul Ball, location: 2F 1-2: Strikes out swinging
|
Bottom of the 4th over - 1 run, 2 hits, 0 errors, 1 left on base; Providence 3 - Biloxi 4 |
TOP OF THE 5TH |
Providence Pilgrims batting - Pitching for Biloxi Shuckers : RHP Francisco Borges
|
Batting: LHB David Davis
|
0-0: Foul Ball, location: 2F 0-1: Fly out, F8 (Flyball, 8RS, EV 88.1 MPH)
|
Batting: RHB Allen Kelley
|
0-0: Ball 1-0: Called Strike 1-1: Ball 2-1: Foul Ball, location: 2F 2-2: Foul Ball, location: 2F 2-2: Ground out 6-3 (Groundball, 6, EV 91.2 MPH)
|
Pitching: LHP Omar Bongo
|
|
Batting: RHB Julián Vélez
|
0-0: Called Strike 0-1: Foul Ball, location: 2F 0-2: Foul Ball, location: 2F 0-2: Ball 1-2: Ball 2-2: Strikes out swinging
|
Top of the 5th over - 0 runs, 0 hits, 0 errors, 0 left on base; Providence 3 - Biloxi 4 |
BOTTOM OF THE 5TH |
Biloxi Shuckers batting - Pitching for Providence Pilgrims : LHP Bill Aylwin
|
Batting: RHB Ricardo Ojíto
|
0-0: Ball 1-0: Called Strike 1-1: Swinging Strike 1-2: Ball 2-2: Fly out, F6 (Flyball, 56D, EV 82.5 MPH)
|
Batting: RHB Guan-xiu Long
|
0-0: Ball 1-0: Ball 2-0: Ground out 4-3 (Groundball, 4, EV 100.0 MPH)
|
Batting: RHB Tyler Namaes
|
0-0: Foul Ball, location: 2F 0-1: Ground out 1-3 (Groundball, 23, EV 93.8 MPH)
|
Bottom of the 5th over - 0 runs, 0 hits, 0 errors, 0 left on base; Providence 3 - Biloxi 4 |
TOP OF THE 6TH |
Providence Pilgrims batting - Pitching for Biloxi Shuckers : LHP Omar Bongo
|
Batting: RHB Jesse McCoy
|
0-0: Ball 1-0: Ball 2-0: Swinging Strike 2-1: Swinging Strike 2-2: Strikes out looking
|
Batting: LHB César Valtez
|
0-0: SINGLE (Groundball, 56D, EV 105.0 MPH)
|
Batting: RHB Carlos González
|
0-0: Fly out, F8 (Flyball, 78M, EV 91.2 MPH)
|
Batting: RHB Chris Hall
|
0-0: Ground out 6-3 (Groundball, 4MS, EV 59.4 MPH)
|
Top of the 6th over - 0 runs, 1 hit, 0 errors, 1 left on base; Providence 3 - Biloxi 4 |
BOTTOM OF THE 6TH |
Biloxi Shuckers batting - Pitching for Providence Pilgrims : LHP Bill Aylwin
|
Batting: RHB Randy Moore
|
0-0: Fly out, F7 (Flyball, 7S, EV 82.5 MPH)
|
Batting: RHB Raúl Yánez
|
0-0: Called Strike 0-1: Ball 1-1: Called Strike 1-2: Foul Ball, location: 2F 1-2: Ball 2-2: Strikes out looking
|
Batting: RHB Rickard Busald
|
0-0: Ball 1-0: Called Strike 1-1: Foul Ball, location: 2F 1-2: Ball 2-2: Fly out, F3 (Popup, 23F, EV 83.1 MPH)
|
Bottom of the 6th over - 0 runs, 0 hits, 0 errors, 0 left on base; Providence 3 - Biloxi 4 |
TOP OF THE 7TH |
Providence Pilgrims batting - Pitching for Biloxi Shuckers : LHP Omar Bongo
|
Batting: RHB Keith Lynn
|
0-0: Ball 1-0: Foul Ball, location: 2F 1-1: Ball 2-1: Ground out 6-3 (Groundball, 6S, EV 88.8 MPH)
|
Batting: RHB Barend Huijbregts
|
0-0: Called Strike 0-1: Ball 1-1: Ball 2-1: Foul Ball, location: 2F 2-2: Fly out, F5 (Popup, 56S, EV 76.2 MPH)
|
Batting: LHB David Davis
|
0-0: Ball 1-0: Ball 2-0: Called Strike 2-1: Foul Ball, location: 2F 2-2: Ball 3-2: Strikes out swinging
|
Top of the 7th over - 0 runs, 0 hits, 0 errors, 0 left on base; Providence 3 - Biloxi 4 |
BOTTOM OF THE 7TH |
Biloxi Shuckers batting - Pitching for Providence Pilgrims : LHP Bill Aylwin
|
Batting: RHB Emílio Vivas
|
0-0: Fly out, F8 (Flyball, 8RD, EV 87.5 MPH)
|
Batting: RHB Pablo Morterero
|
0-0: Swinging Strike 0-1: Ground out 5-3 (Groundball, 56, EV 81.9 MPH)
|
Batting: RHB Joselito Amengual
|
0-0: Ball 1-0: Called Strike 1-1: Ground out 6-3 (Groundball, 6, EV 83.8 MPH)
|
Bottom of the 7th over - 0 runs, 0 hits, 0 errors, 0 left on base; Providence 3 - Biloxi 4 |
TOP OF THE 8TH |
Providence Pilgrims batting - Pitching for Biloxi Shuckers : LHP Omar Bongo
|
Batting: RHB Allen Kelley
|
0-0: Ball 1-0: Swinging Strike 1-1: Foul Ball, location: 2F 1-2: Foul Ball, location: 2F 1-2: Foul Ball, location: 2F 1-2: Ball 2-2: Foul Ball, location: 2F 2-2: Ball 3-2: Strikes out swinging
|
Batting: RHB Julián Vélez
|
0-0: Ball 1-0: Called Strike 1-1: Ground out 6-3 (Groundball, 56, EV 84.4 MPH)
|
Batting: RHB Jesse McCoy
|
0-0: Called Strike 0-1: Foul Ball, location: 2F 0-2: Foul Ball, location: 2F 0-2: Ball 1-2: SINGLE (Groundball, 5D, EV 103.1 MPH)
|
Pitching: RHP Mitchell Isaacs
|
|
Batting: LHB César Valtez
|
0-0: Ball 1-0: Called Strike 1-1: Called Strike 1-2: Ball 2-2: Foul Ball, location: 2F 2-2: Ball 3-2: Foul Ball, location: 2F 3-2: Foul Ball, location: 2F 3-2: Ground out 6-3 (Groundball, 56, EV 98.1 MPH)
|
Top of the 8th over - 0 runs, 1 hit, 0 errors, 1 left on base; Providence 3 - Biloxi 4 |
BOTTOM OF THE 8TH |
Biloxi Shuckers batting - Pitching for Providence Pilgrims : LHP Bill Aylwin
|
Batting: RHB Ricardo Ojíto
|
0-0: Ball 1-0: Ball 2-0: Ball 3-0: Base on Balls
|
Batting: RHB Guan-xiu Long
|
0-0: Ball 1-0: Ball 2-0: Called Strike 2-1: Called Strike 2-2: Fly out, F9 (Flyball, 89XD, EV 83.1 MPH)
|
Pitching: RHP Phat Tra
|
|
Batting: RHB Tyler Namaes
|
0-0: Ball 1-0: Ball 2-0: Ball 3-0: Called Strike 3-1: Base on Balls Ricardo Ojíto to second
|
Batting: RHB Randy Moore
|
0-0: Called Strike 0-1: Called Strike 0-2: Fly out, F9 (Line Drive, 9, EV 84.4 MPH)
|
Batting: RHB Raúl Yánez
|
0-0: Ball 1-0: SINGLE (Groundball, 56, EV 89.4 MPH) (infield hit) Ricardo Ojíto to third Tyler Namaes to second
|
Batting: RHB Rickard Busald
|
0-0: Fly out, F8 (Flyball, 8RD, EV 93.1 MPH)
|
Bottom of the 8th over - 0 runs, 1 hit, 0 errors, 3 left on base; Providence 3 - Biloxi 4 |
TOP OF THE 9TH |
Providence Pilgrims batting - Pitching for Biloxi Shuckers : RHP Mitchell Isaacs
|
Pitching: RHP Karisnu Raghunathan
|
|
Batting: RHB Carlos González
|
0-0: Foul Ball, location: 2F 0-1: Ball 1-1: SINGLE (Line Drive, 7S, EV 108.8 MPH)
|
Batting: RHB Chris Hall
|
0-0: Foul Ball, location: 2F 0-1: Ball 1-1: Ball 2-1: Grounds into double play, 5-4-3 (Groundball, 5, EV 92.5 MPH)
|
Batting: RHB Keith Lynn
|
0-0: Called Strike 0-1: Ball 1-1: Ball 2-1: Reached on error, E6 (Groundball, 6, EV 103.1 MPH)
|
Batting: RHB Barend Huijbregts
|
0-0: SINGLE (Groundball, 3S, EV 84.4 MPH) (infield hit) Keith Lynn to second
|
Batting: LHB David Davis
|
0-0: Ball 1-0: Called Strike 1-1: Ball 2-1: Called Strike 2-2: Strikes out swinging
|
Top of the 9th over - 0 runs, 2 hits, 1 error, 2 left on base; Providence 3 - Biloxi 4 |
|